 Dungeon Crawl Stone Soup version 0.24-a0-7-g1bb0902 (webtiles) character file.

Game seed: 12098164055598204308

19079 ohad the Basher (level 12, -4/107 HPs)
             Began as an Ogre Berserker on Jan 30, 2019.
             Was a High Priest of Trog.
             Slain by an eight-headed hydra (10 damage)
             ... on level 3 of the Lair of Beasts.
             The game lasted 00:38:51 (12367 turns).

ohad the Basher (Ogre Berserker)                   Turns: 12367, Time: 00:38:51

Health: -4/107     AC:  7    Str: 24    XL:     12   Next: 65%
Magic:  12/12      EV: 14    Int:  8    God:    Trog [*****.]
Gold:   872        SH: 20    Dex: 12    Spells: 11/11 levels left

rFire    . . .     SeeInvis .   T - +2 morningstar (crush)
rCold    . . .     Gourm    .   O - +2 large shield
rNeg     . . .     Faith    .   G - +0 troll leather armour
rPois    .         Spirit   .   (helmet restricted)
rElec    .         Reflect  .   q - +1 cloak
rCorr    .         Harm     .   (gloves unavailable)
MR       +....                  (boots unavailable)
Stlth    +.........             V - amulet of regeneration
HPRegen  1.07/turn              k - +5 ring of slaying
MPRegen  0.13/turn              t - +3 ring of evasion

@: about to teleport
A: large, unfitting armour, tough skin 1
a: Berserk, Trog's Hand, Brothers in Arms, Renounce Religion


You were on level 3 of the Lair of Beasts.
You worshipped Trog.
Trog was extremely pleased with you.
You were not hungry.

You visited 2 branches of the dungeon, and saw 14 of its levels.

You collected 872 gold pieces.

Inventory:

Hand Weapons
 I - a +1 dire flail of protection
 J - a +1 hand axe of venom
 L - a +2 lajatang of protection
 R - a +0 giant club
 S - a +0 flail of protection
 T - a +2 morningstar of crushing (weapon)
 Z - a +4 mace of holy wrath
Missiles
 v - 49 tomahawks (quivered)
 w - 3 curare-tipped needles
 A - 44 poisoned needles
 N - 3 throwing nets
Armour
 q - a +1 cloak (worn)
 G - a +0 troll leather armour (worn)
 O - a +2 large shield (worn)
Jewellery
 k - a +5 ring of slaying (left hand)
 t - a +3 ring of evasion (right hand)
 H - a +4 ring of strength {unknown}
 K - an uncursed amulet of harm
 V - an amulet of regeneration (around neck)
Wands
 a - a wand of random effects (31)
 b - a wand of acid (10)
 p - a wand of iceblast (13)
 s - a wand of paralysis (14)
 y - a wand of scattershot (5)
Scrolls
 d - 6 scrolls of enchant weapon
 e - 5 scrolls of magic mapping {unknown}
 g - 6 scrolls of enchant armour
 i - 3 scrolls of random uselessness {unknown}
 l - 6 scrolls of remove curse
 n - 10 scrolls of teleportation
 o - 2 scrolls of blinking
 B - a scroll of brand weapon
 D - 5 scrolls of fear {unknown}
 Q - 2 scrolls of fog
 U - 2 scrolls of vulnerability {unknown}
Potions
 f - 3 potions of lignification
 h - 6 potions of curing
 j - 2 potions of ambrosia
 m - 4 potions of degeneration
 r - 2 potions of heal wounds
 C - 3 potions of flight
 E - a potion of mutation
 F - a potion of invisibility {unknown}
 M - 2 potions of brilliance
 P - 3 potions of magic
 W - 2 potions of cancellation
 X - 4 potions of haste
 Y - a potion of agility
Miscellaneous
 z - a phantom mirror
Comestibles
 c - 20 rations
 u - 2 chunks of flesh


   Skills:
 - Level 4.0 Fighting
 + Level 13.9 Maces & Flails
 - Level 3.7 Armour
 - Level 6.8 Dodging
 - Level 10.0 Shields


You had 11 spell levels left.
You didn't know any spells.
Your spell library was empty.

Dungeon Overview and Level Annotations

Branches:
Dungeon (11/15)            Temple (0/1) D:4            Lair (3/6) D:8
 Shoals (0/4) Lair:3
  Snake: Lair:2-4    Spider: Lair:2-4       Orc: D:9-12

Altars:
Ashenzari
Dithmenos
Elyvilon
Kikubaaqudgha
Makhleb
Nemelex Xobeh
Trog
Uskayaw
Vehumet
Wu Jian
Yredelemnul
Zin

Shops:
D:11 (

Annotations:
D:6 exclusion: oklob plant


Innate Abilities, Weirdness & Mutations

You are too large for most types of armour.
You have tough skin. (AC +1)


Message History

You block the eight-headed hydra's attack.
The eight-headed hydra bites you!
The eight-headed hydra barely misses you.
The eight-headed hydra bites you! x2
* * * LOW HITPOINT WARNING * * *
The eight-headed hydra bites you!
* * * LOW HITPOINT WARNING * * *
You block the eight-headed hydra's attack.
Unknown command.
As you read the scroll of teleportation, it crumbles to dust.
You feel strangely unstable.
You block the eight-headed hydra's attack.
The eight-headed hydra bites you!
* * * LOW HITPOINT WARNING * * *
The eight-headed hydra bites you.
* * * LOW HITPOINT WARNING * * *
You block the eight-headed hydra's attack. x3
The eight-headed hydra closely misses you.
The eight-headed hydra bites you!
You die...

# #P... #.)# ##.. ##.
#..######... #P..
..###...#.P##..# #P..
#.#............ #...
#........##..# ###...
#.[.....##.#.# #.....#
##.........#...
P......###..............
#....@DD#.........##.#
#.##.##.........##....
## #...............
#..#....#.#.#...
#..............#
##D....#....P..#
#..%.....####.P
.....##..# #.#
%#.........# #..


You could see an eight-headed hydra and a seven-headed hydra.

Vanquished Creatures
  2 hydras
  A two-headed ogre (D:8)
  Nergalle (D:11)
  Pikel (D:6)
  An ugly thing (D:11)
  5 spiny frogs
  3 komodo dragons
  3 trolls (D:9)
  4 polar bears (Lair:1)
  A hornet (D:8)
  Grinder (D:6)
  2 dream sheep (D:10)
  3 hippogriffs
  7 spriggans (D:9)
  2 wyverns
  14 yaks
  A steam dragon (D:11)
  A basilisk (Lair:2)
  Menkaure (D:5)
  Edmund (D:6)
  6 water moccasins
  4 porcupines
  3 black bears (Lair:1)
  7 orc warriors
  2 sky beasts
  4 ice beasts
  A hornet zombie (D:9)
  A necrophage (D:11)
  An ogre (D:10)
  3 wolves (Lair:3)
  5 centaurs
  4 crocodiles (Lair:1)
  5 bullfrogs
  4 big kobolds
  A scorpion (D:9)
  12 wights
  3 howler monkeys (D:6)
  An electric eel (Lair:3)
  5 crimson imps
  2 bullfrog zombies (D:7)
  9 orc priests
  2 jellies
  Crazy Yiuf (D:7)
  2 bullfrog skeletons
  4 hounds
  15 orc wizards
  5 iguanas
  12 worker ants
  2 killer bee zombies
  A hound zombie (D:7)
  A hound skeleton (D:10)
  3 gnolls (D:7)
  A howler monkey skeleton (D:5)
  A worker ant zombie (D:9)
  10 adders
  5 shadow imps
  An ooze (D:1)
  2 adder zombies
  2 adder skeletons (D:4)
  A dart slug (D:1)
  2 worms
  5 leopard geckos
  49 orcs
  7 bats
  3 giant cockroaches
  9 goblins
  5 hobgoblins
  6 jackals
  10 kobolds
  A quokka (D:2)
  2 frilled lizards
  5 rats
313 creatures vanquished.

Vanquished Creatures (others)
  2 slaves (D:6)
  A bullfrog (D:6)
  An orc wizard (D:8)
  An orc (D:6)
  2 fungi
  4 plants
11 creatures vanquished.

Grand Total: 324 creatures vanquished

Notes
Turn   | Place    | Note
-------+----------+-------------------------------------------
     0 | D:1      | ohad the Ogre Berserker began the quest for the Orb.
     0 | D:1      | Reached XP level 1. HP: 24/24 MP: 1/1
    61 | D:1      | Reached skill level 3 in Maces & Flails
    67 | D:1      | Reached XP level 2. HP: 31/32 MP: 2/2
   419 | D:2      | Reached XP level 3. HP: 34/39 MP: 3/3
   425 | D:2      | Found an ornate altar of the Wu Jian Council.
   466 | D:2      | Reached ** piety under Trog
   603 | D:2      | Found a white marble altar of Elyvilon.
   654 | D:2      | Reached skill level 4 in Maces & Flails
   827 | D:2      | Reached XP level 4. HP: 48/48 MP: 4/4
  1799 | D:3      | Reached skill level 5 in Maces & Flails
  1799 | D:3      | Reached XP level 5. HP: 49/54 MP: 5/5
  2159 | D:4      | Found a staircase to the Ecumenical Temple.
  2376 | D:5      | Entered Level 5 of the Dungeon
  2415 | D:5      | Found an ancient bone altar of Kikubaaqudgha.
  2465 | D:5      | Found a sparkling altar of Nemelex Xobeh.
  2467 | D:5      | Found a radiant altar of Vehumet.
  2470 | D:5      | Found a basalt altar of Yredelemnul.
  2470 | D:5      | Found a bloodstained altar of Trog.
  2541 | D:5      | Noticed a sky beast
  2559 | D:5      | Killed a sky beast
  2559 | D:5      | Reached XP level 6. HP: 11/62 MP: 6/6
  2979 | D:5      | Found a shadowy altar of Dithmenos.
  3138 | D:5      | Reached *** piety under Trog
  3139 | D:5      | Noticed an ice beast
  3153 | D:5      | Killed an ice beast
  3153 | D:5      | Reached XP level 7. HP: 35/70 MP: 7/7
  3310 | D:5      | Noticed Menkaure
  3319 | D:5      | Killed Menkaure
  3417 | D:5      | Found a hide-covered altar of Uskayaw.
  3595 | D:6      | Reached skill level 5 in Shields
  3767 | D:6      | Reached XP level 8. HP: 69/78 MP: 8/8
  4091 | D:6      | Noticed an oklob plant
  4092 | D:6      | Found a basalt altar of Yredelemnul.
  4113 | D:6      | Noticed Pikel
  4134 | D:6      | Killed Pikel
  4142 | D:6      | Noticed Edmund
  4160 | D:6      | Killed Edmund
  4160 | D:6      | Reached XP level 9. HP: 60/84 MP: 9/9
  4279 | D:6      | Noticed Grinder
  4354 | D:6      | Killed Grinder
  4628 | D:7      | Found a glowing silver altar of Zin.
  4643 | D:7      | Reached skill level 10 in Shields
  4719 | D:7      | Reached **** piety under Trog
  4732 | D:7      | Reached skill level 6 in Maces & Flails
  5239 | D:7      | Reached skill level 7 in Maces & Flails
  5371 | D:7      | Found a runed translucent door.
  5372 | D:7      | Noticed Crazy Yiuf
  5378 | D:7      | Killed Crazy Yiuf
  5585 | D:7      | Found a burning altar of Makhleb.
  6126 | D:8      | Noticed a hornet
  6133 | D:8      | Paralysed by a hornet for 2 turns
  6134 | D:8      | HP: 3/84 [hornet (9)]
  6139 | D:8      | Killed a hornet
  6139 | D:8      | Reached skill level 8 in Maces & Flails
  6139 | D:8      | Reached XP level 10. HP: 51/92 MP: 10/10
  6500 | D:8      | Found a staircase to the Lair.
  6571 | D:8      | Found a bloodstained altar of Trog.
  6761 | D:8      | Reached skill level 9 in Maces & Flails
  7060 | D:8      | Noticed a two-headed ogre
  7071 | D:8      | Killed a two-headed ogre
  7309 | D:9      | Reached skill level 10 in Maces & Flails
  7364 | D:9      | Found a shattered altar of Ashenzari.
  7769 | D:9      | Reached skill level 1 in Armour
  7788 | D:9      | Reached ***** piety under Trog
  7994 | D:9      | Reached XP level 11. HP: 100/100 MP: 11/11
  8285 | D:10     | Entered Level 10 of the Dungeon
  8300 | D:9      | Reached skill level 5 in Dodging
  8569 | D:10     | Noticed a three-headed hydra
  8573 | D:10     | Killed a three-headed hydra
  8583 | D:10     | Got a dazzling halberd
  8711 | D:10     | Received a gift from Trog
  9205 | D:11     | Noticed a red ugly thing
  9226 | D:11     | Killed a red ugly thing
  9304 | D:11     | Noticed a four-headed hydra
  9311 | D:11     | Killed a four-headed hydra
  9311 | D:11     | Reached skill level 11 in Maces & Flails
  9777 | D:11     | Noticed Nergalle
  9802 | D:11     | Killed Nergalle
  9946 | D:11     | Found Naistysm's Weapon Shoppe.
 10293 | Lair:1   | Entered Level 1 of the Lair of Beasts
 10371 | Lair:1   | Reached skill level 12 in Maces & Flails
 10389 | Lair:1   | Reached XP level 12. HP: 71/107 MP: 12/12
 10920 | Lair:1   | Reached skill level 13 in Maces & Flails
 12087 | Lair:3   | Received a gift from Trog
 12291 | Lair:3   | Found a staircase to the Shoals.
 12352 | Lair:3   | Noticed an eight-headed hydra
 12354 | Lair:3   | Noticed a seven-headed hydra
 12367 | Lair:3   | Slain by an eight-headed hydra

Vault maps used:
D:1:      lightli_arrival_flooded_house
D:2:      elyvilon_altar_3, lemuel_round_altar
D:4:      temple_fountains, first_ration
D:5:      kennysheep_mini, minitemple, nicolae_overflow_hidden_temple,
          grunt_dithmenos_smoke_and_mirrors, uniq_menkaure
D:6:      lemuel_oklob_altar, uniq_grinder, uniq_pikel, uniq_edmund
D:7:      kennysheep_six_static_rooms, lemuel_round_altar, basic_altar,
          uniq_crazy_yiuf_cottage
D:8:      dpeg_oklobed_lair, trog_butcher_becter
D:9:      kb_forest_paths, cheibrodos_ashenzari_chains
D:10:     hangedman_ranch
D:11:     serial_shops, shop, uniq_nergalle
Lair:1:   beast_lair_carwin_large_2, fungi_pond_lemuel, minivault_11,
          serial_bayou_shore_b
Lair:3:   elwin_shoals_entry_rocks, guppyfry_lair_drakes

Skill      XL: |  1  2  3  4  5  6  7  8  9 10 11 12 |
---------------+-------------------------------------+-----
Maces & Flails | 3 4 5 8 10 12 13 | 13.9
Shields        | 2 3 6 9 10 | 10.0
Armour         | 3 |  3.7
Dodging        | 3 6 |  6.8
Fighting       | |  4.0

Action                   |  1- 3 |  4- 6 |  7- 9 | 10-12 || total
-------------------------+-------+-------+-------+-------++-------
Melee: Mace              |    62 |   127 |   268 |   138 ||   595
       Morningstar       |       |       |       |   475 ||   475
Throw: Tomahawk          |       |     1 |       |       ||     1
Invok: Berserk           |       |     1 |     5 |     7 ||    13
       Trog's Hand       |       |       |     3 |     1 ||     4
  Use: Scroll            |       |     7 |       |    13 ||    20
       Potion            |       |       |     2 |       ||     2
 Stab: Sleeping          |     1 |     1 |       |       ||     2
  Eat: Chunk             |       |     8 |    14 |    20 ||    42
       Ration            |       |       |       |     3 ||     3
Armor: Animal skin       |    20 |    41 |    32 |    23 ||   116
       Troll leather arm |       |       |       |    55 ||    55
Dodge: Dodged            |    50 |    45 |    69 |   167 ||   331
Block: Large shield      |       |    25 |   208 |   479 ||   712

Table legend:
 A = Non-vault XP
 B = Vault XP
 C = Vault XP percentage of total XP
 D = Non-vault monster count
 E = Vault monster count
 F = Vault count percentage of total count
                 A         B        C        D         E       F
            +---------+---------+-------+---------+---------+-------
      Total |   18700 |    8557 |  31.4 |     268 |      46 |  14.6
            +---------+---------+-------+---------+---------+-------
        D:1 |      31 |       0 |   0.0 |      14 |       0 |   0.0
        D:2 |      73 |       0 |   0.0 |      15 |       0 |   0.0
        D:3 |      62 |       0 |   0.0 |      17 |       0 |   0.0
        D:4 |     132 |       0 |   0.0 |       9 |       0 |   0.0
        D:5 |     386 |     172 |  30.8 |       9 |       1 |  10.0
        D:6 |    1121 |    1096 |  49.4 |      42 |       3 |   6.7
        D:7 |     963 |     188 |  16.3 |      18 |       5 |  21.7
        D:8 |    2254 |     244 |   9.8 |      39 |       4 |   9.3
        D:9 |    1629 |    2381 |  59.4 |      28 |      17 |  37.8
       D:10 |    1016 |    2167 |  68.1 |      19 |       8 |  29.6
       D:11 |    2625 |     800 |  23.4 |      17 |       1 |   5.6
     Lair:1 |    3862 |    1509 |  28.1 |      19 |       7 |  26.9
     Lair:2 |    2193 |       0 |   0.0 |       9 |       0 |   0.0
     Lair:3 |    2353 |       0 |   0.0 |      13 |       0 |   0.0
            +---------+---------+-------+---------+---------+-------
